 Dungeon Crawl Stone Soup version 0.29.1-15-g9cfb28693d (webtiles) character file.

Game seed: 6735050963693130315

872 Peloso the Slasher (level 7, 0/49 (61) HPs)
             Began as a Minotaur Fighter on Mar 31, 2023.
             Slain by a wight
             ... wielding a +5 dagger of freezing
              (4 damage)
             ... on level 4 of the Dungeon.
             The game lasted 00:06:34 (5894 turns).

Peloso the Slasher (Minotaur Fighter)               Turns: 5894, Time: 00:06:34

HP:   0/49 (61)     AC:  7    Str: 20    XL:     7   Next: 74%
MP:   6/6           EV: 10    Int:  5    God:
Gold: 161           SH:  5    Dex: 12    Spells: 6/6 levels left

rFire   . . .      SeeInvis .   a - +0 long sword
rCold   . . .      Faith    .   c - +0 buckler
rNeg    . . .      Spirit   .   b - +0 scale mail
rPois   .          Reflect  .   (helmet restricted)
rElec   .          Harm     .   (no cloak)
rCorr   .          Rampage  .   (no gloves)
Will    .....                   (no boots)
Stlth   ..........              (no amulet)
HPRegen 0.16/turn               (no ring)
MPRegen 0.10/turn               (no ring)

@: heavily drained
A: horns 2, retaliatory headbutt
a: no special abilities


You were on level 4 of the Dungeon.
You visited 2 branches of the dungeon, and saw 6 of its levels.

You collected 161 gold pieces.

Inventory:

Hand Weapons
 a - a +0 long sword (weapon)
Armour
 b - a +0 scale mail (worn)
 c - a +0 buckler (worn)
Jewellery
 f - a ring of protection from fire
Wands
 o - a wand of polymorph (6)
 u - a wand of digging (6)
Scrolls
 e - 2 scrolls of blinking
 h - a scroll of enchant weapon
 j - a scroll of magic mapping
 l - 2 scrolls of teleportation
 s - a scroll of enchant armour {unknown}
 t - a scroll of fog {unknown}
Potions
 d - a potion of might
 g - a potion of cancellation
 i - 2 potions of resistance
 k - 2 potions of heal wounds
 n - a potion of haste {unknown}
 p - a potion of ambrosia {unknown}
 q - a potion of mutation {unknown}


   Skills:
 + Level 5.3 Fighting
 + Level 6.8 Long Blades
 + Level 6.1 Armour
 + Level 2.9 Dodging
 + Level 0.3 Stealth
 + Level 5.3 Shields


You had 6 spell levels left.
You didn't know any spells.
Your spell library contained the following spells:

 Spells                   Type           Power      Damage    Failure   Level
 Apportation              Tloc           0%         N/A       88%         1
 Beastly Appendage        Tmut           0%         N/A       88%         1
 Freeze                   Ice            0%         1d3       88%         1
 Necrotise                Necr           0%         1d4       88%         1
 Summon Small Mammal      Summ           0%         N/A       88%         1
 Wereblood                Tmut           0%         N/A       95%         2
 Frozen Ramparts          Ice            0%         1d1       99%         3
 Spider Form              Tmut/Pois      0%         N/A       99%         3
 Hailstorm                Conj/Ice       0%         3d3       100%        4
 Passage of Golubria      Tloc           0%         N/A       100%        4
 Silence                  Hex/Air        0%         N/A       100%        5
 Lehudib's Crystal Spear  Conj/Erth      0%         10d2      100%        8


Dungeon Overview and Level Annotations

Branches:
Dungeon (5/15)             Temple (1/1) D:5

Altars:
Cheibriados
Dithmenos
Elyvilon
Fedhas
Gozag
Hepliaklqana
Kikubaaqudgha
Nemelex Xobeh
Qazlal
Ru
Sif Muna
Trog
Uskayaw
Vehumet
Wu Jian
Xom
Yredelemnul
Zin
The Shining One

Shops:
D:4 [


Innate Abilities, Weirdness & Mutations

You have a pair of horns on your head.
You reflexively headbutt those who attack you in melee.


Message History

You start waiting.
Done waiting.
There is a stone staircase leading down, spattered with blood here.
You climb downwards.
The wight closely misses you. x2
You block the wight's attack.
The wight hits you with a +5 dagger of freezing!
You feel drained. The wight freezes you.
There is a stone staircase leading up, spattered with blood here.
You block the wight's attack. x2
You climb upwards.
There is a stone staircase leading down, spattered with blood here.
You hit the wight but do no damage. The wight closely misses you.
You block the wight's attack.
You slash the wight!
The wight is heavily damaged.
The wight hits you with a +5 dagger of freezing.
You feel drained. The wight freezes you. You block the wight's attack.
You closely miss the wight. Your headbutt misses the wight.
The wight is heavily damaged.
You block the wight's attack. x2
You hit the wight but do no damage.
The wight is heavily damaged.
The wight hits you with a +5 dagger of freezing.
You feel drained. The wight freezes you.
The wight hits you with a +0 battleaxe.
You barely miss the wight. Your headbutt misses the wight.
The wight is heavily damaged.
The wight hits you with a +5 dagger of freezing!
You feel drained. The wight freezes you.
* * * LOW HITPOINT WARNING * * *
The wight closely misses you.
You completely miss the wight.
The wight is heavily damaged.
The wight barely misses you. The wight hits you but does no damage.
You hit the wight.
The wight is almost destroyed.
The wight hits you with a +5 dagger of freezing!
* * * LOW HITPOINT WARNING * * *
The wight freezes you.
You die...

##.....##).................##.
#............##.........#####
###...........##.....##..# ##.
#.#...........###....###.###..
###..)...........#.....#.......#
##....<...........##.........##.#
................................#
...#...........z.................
....##.........[@z...##.....##...
#<...............[...##.#....#...
###....##...............#........
##....#.>............##........
##..........................#..
##.....##..............#....####
#....####..............#..#.####
#...## ##............>.)[#..##.
#...# #.............#.##.....


You could see 2 wights.

Vanquished Creatures
  A water moccasin (D:5)
  An ice beast (D:5)
  A centaur (D:5)
  A necrophage (D:3)
  2 wights (D:4)
  4 crimson imps (D:4)
  3 hounds
  A jelly (D:5)
  Ijyb (D:5)
  4 gnolls
  4 adders
  2 ufetubi
  2 dart slugs
  4 ball pythons
  7 bats
  5 endoplasms
  2 giant cockroaches (D:1)
  4 goblins
  6 hobgoblins
  8 jackals
  2 quokkas (D:2)
  2 frilled lizards (D:1)
  8 kobolds
  4 rats
79 creatures vanquished.

Notes
Turn   | Place    | Note
-------+----------+-------------------------------------------
     0 | D:1      | Peloso the Minotaur Fighter began the quest for the Orb.
     0 | D:1      | Reached XP level 1. HP: 19/19 MP: 0/0
   181 | D:1      | Reached XP level 2. HP: 27/27 MP: 1/1
  1118 | D:1      | Reached XP level 3. HP: 33/33 MP: 2/2
  1658 | D:2      | Found a faded altar of an unknown god.
  1708 | D:2      | Found a glowing silver altar of Zin.
  2301 | D:3      | Found a sacrificial altar of Ru.
  2472 | D:3      | Reached XP level 4. HP: 40/40 MP: 3/3
  2736 | D:4      | Noticed a necrophage
  3007 | D:3      | Reached skill level 1 in Dodging
  3202 | D:3      | Killed a necrophage
  3203 | D:3      | Reached XP level 5. HP: 43/47 MP: 4/4
  3413 | D:4      | Found Atupt's Armour Boutique.
  3437 | D:4      | Found a shimmering altar of Xom.
  3474 | D:4      | Reached skill level 5 in Long Blades
  3478 | D:4      | Reached XP level 6. HP: 23/53 MP: 5/5
  3765 | D:4      | Found a snail-covered altar of Cheibriados.
  3932 | D:4      | Found an ancient bone altar of Kikubaaqudgha.
  4180 | D:5      | Entered Level 5 of the Dungeon
  4270 | D:5      | Found a staircase to the Ecumenical Temple.
  4284 | Temple   | Entered the Ecumenical Temple
  4380 | D:5      | Noticed a water moccasin
  4392 | D:5      | Killed a water moccasin
  4393 | D:5      | Reached skill level 5 in Fighting
  4393 | D:5      | Reached skill level 5 in Armour
  4393 | D:5      | Reached skill level 5 in Shields
  4393 | D:5      | Reached XP level 7. HP: 30/61 MP: 6/6
  4620 | D:5      | Noticed Ijyb
  4637 | D:5      | Killed Ijyb
  4986 | D:5      | Found the +4 robe of Augmentation {Str+4 Int+4 Dex+4}
  4991 | D:5      | Found the +6 lightning scales {swift, rElec}
  5287 | D:4      | HP: 2/54 [wight/+0 scimitar (3)]
  5894 | D:4      | Slain by a wight

Illustrated notes

Levels and vault maps discovered:
D:1:      tarquinn_simple_flora_water_f, layout_loops_ring,
          serial_co_window_serial, co_window_of_opportunity_a,
          co_window_of_opportunity_a, co_window_paths_b, co_window_paths_a,
          co_window_paths_a, co_window_corner_a, co_window_paths_a,
          co_window_corner_a, co_window_paths_a, co_window_corner_b,
          co_window_2corner, co_window_unsneaky_path_b, co_window_corner_ca,
          co_window_paths_e, co_window_4corner_a, glass_columns_a,
          glass_columns_b
D:2:      layout_rooms, shapermc_ecumenical_altar_totnotflames, basic_altar,
          minmay_misc_feat_more_columns
D:3:      layout_basic, mainiacjoe_overflow_surrounded_room
D:4:      layout_cave_pools, lemuel_tele_altar, led_xom_imps,
          kennysheep_slug_shrine, serial_shops, nicolae_lakefront_shop
D:5:      layout_basic, minmay_temple_entry_stoned_glass, uniq_ijyb
Temple:   hellmonk_temple_of_storms

Skill      XL: |  1  2  3  4  5  6  7 |
---------------+----------------------+-----
Shields        | 4 5 |  5.3
Fighting       | 4 5 |  5.3
Armour         | 4 5 6 |  6.1
Long Blades    | 3 4 5 6 |  6.8
Dodging        | 1 2 |  2.9
Stealth        | |  0.3

Action                   |  1- 3 |  4- 6 |  7- 9 || total
-------------------------+-------+-------+-------++-------
Melee: Long sword        |   118 |    94 |    53 ||   265
       Headbutt          |     7 |    22 |    10 ||    39
  Use: Potion            |     2 |       |     3 ||     5
       Scroll            |     5 |       |     2 ||     7
Armor: Scale mail        |    63 |    37 |     7 ||   107
Dodge: Dodged            |    76 |    53 |    26 ||   155
Block: Buckler           |    26 |    26 |    19 ||    71
